% Time on Ice - BOISE CARIBOUS
Lines # - Real PCT - Wanted PCT - Time Play
Normal Forward
1 - 30% - 31% - 15:50
2 - 28% - 30% - 14:43
3 - 22% - 23% - 11:42
4 - 19% - 16% - 9:49
Normal Defense
1 - 35% - 36% - 18:25
2 - 35% - 33% - 18:22
3 - 23% - 27% - 11:45
4 - 7% - 4% - 3:32
PP Forward
1 - 55% - 55% - 2:10
2 - 45% - 45% - 1:48
PP Defense
1 - 58% - 55% - 2:17
2 - 42% - 45% - 1:41
PK Forward
1 - 47% - 55% - 0:56
2 - 53% - 45% - 1:03
PK Defense
1 - 55% - 55% - 1:05
2 - 45% - 45% - 0:54
PK3 Forward
1 - 0% - 55%
2 - 0% - 45%
PK3 Defense
1 - 0% - 55%
2 - 0% - 45%
44 Forward
1 - 66% - 55% - 1:18
2 - 34% - 45% - 0:41
44 Defense
1 - 58% - 55% - 1:09
2 - 42% - 45% - 0:50
Last Minute Offensive  - 0:00
Last Minute Defensive  - 0:00
Total
Forward - 60:00
Defense - 60:00
% Time on Ice - SAN FRANCISCO SPIDERS
Lines # - Real PCT - Wanted PCT - Time Play
Normal Forward
1 - 29% - 30% - 15:15
2 - 28% - 30% - 14:50
3 - 22% - 20% - 11:18
4 - 21% - 20% - 10:41
Normal Defense
1 - 33% - 34% - 17:00
2 - 33% - 33% - 17:00
3 - 28% - 32% - 14:21
4 - 7% - 1% - 3:43
PP Forward
1 - 38% - 55% - 0:45
2 - 62% - 45% - 1:14
PP Defense
1 - 62% - 55% - 1:14
2 - 38% - 45% - 0:45
PK Forward
1 - 61% - 55% - 2:26
2 - 39% - 45% - 1:32
PK Defense
1 - 41% - 55% - 1:37
2 - 59% - 45% - 2:21
PK3 Forward
1 - 0% - 55%
2 - 0% - 45%
PK3 Defense
1 - 0% - 55%
2 - 0% - 45%
44 Forward
1 - 76% - 55% - 1:31
2 - 24% - 45% - 0:28
44 Defense
1 - 53% - 55% - 1:03
2 - 47% - 45% - 0:56
Last Minute Offensive  - 0:00
Last Minute Defensive  - 0:00
Total
Forward - 60:00
Defense - 60:00
Play-by-Play 1st period 0:01 of 1st period - Oskar Sundqvist wins face-off versus Danton Heinen in neutral zone. 0:14 of 1st period - Shot by Milan Lucic. 0:14 of 1st period - Stopped by Alexandar Georgiev without a rebound. 0:15 of 1st period - Radek Faksa wins face-off versus Kirby Dach in BOISE CARIBOUS zone. 0:28 of 1st period - Shot by Dominik Kubalik. 0:28 of 1st period - Stopped by Collin Delia without a rebound. 0:29 of 1st period - Calle Jarnkrok wins face-off versus Darren Helm in SAN FRANCISCO SPIDERS zone. 0:36 of 1st period - Shot by Patrick Marleau. 0:36 of 1st period - Shot Misses the Net. 0:44 of 1st period - Shot by Dominik Kahun. 0:44 of 1st period - Shot Misses the Net. 2:15 of 1st period - Off-side. 2:16 of 1st period - Radek Faksa wins face-off versus Kirby Dach in neutral zone. 2:29 of 1st period - Shot by Phil Kessel. 2:29 of 1st period - Shot Misses the Net. 3:59 of 1st period - Shot by Erik Haula. 3:59 of 1st period - Shot Blocked by Rasmus Andersson. 4:10 of 1st period - Minor Penalty to Rasmus Andersson for Charging. 4:11 of 1st period - Theodor Blueger wins face-off versus Erik Haula in BOISE CARIBOUS zone. 4:49 of 1st period - Off-side. 4:50 of 1st period - Oskar Sundqvist wins face-off versus Danton Heinen in neutral zone. 5:50 of 1st period - Nico Sturm is hit by John Klingberg and loses puck. 6:28 of 1st period - Icing by Andre Burakovsky. 6:29 of 1st period - Erik Haula wins face-off versus Oskar Sundqvist in BOISE CARIBOUS zone. 6:30 of 1st period - Shot by Alexander Kerfoot. 6:30 of 1st period - Shot Blocked by Andre Burakovsky. 6:32 of 1st period - Shot by Alexander Kerfoot. 6:32 of 1st period - Shot Misses the Net. 6:51 of 1st period - Shot by Alexander Kerfoot. 6:51 of 1st period - Shot Misses the Net. 8:01 of 1st period - Icing by Sean Walker. 8:02 of 1st period - Calle Jarnkrok wins face-off versus Theodor Blueger in SAN FRANCISCO SPIDERS zone. 8:02 of 1st period - Calle Jarnkrok is hit by Lawson Crouse. 8:16 of 1st period - Darnell Nurse is hit by Lawson Crouse and loses puck. 8:30 of 1st period - Lawson Crouse is hit by Darnell Nurse and loses puck. 8:36 of 1st period - Lawson Crouse is hit by Darnell Nurse and loses puck. 9:08 of 1st period - Shot by Kirby Dach. 9:08 of 1st period - Stopped by Alexandar Georgiev without a rebound. 9:09 of 1st period - Erik Haula wins face-off versus Radek Faksa in BOISE CARIBOUS zone. 9:20 of 1st period - Shot by Dominik Kubalik. 9:20 of 1st period - Stopped by Collin Delia without a rebound. 9:21 of 1st period - Kirby Dach wins face-off versus Kyle Turris in SAN FRANCISCO SPIDERS zone. 9:36 of 1st period - Shot by Patrick Marleau. 9:36 of 1st period - Shot Misses the Net. 9:38 of 1st period - Shot by Rasmus Andersson. 9:38 of 1st period - Shot Misses the Net. 9:40 of 1st period - Shot by Joakim Ryan. 9:40 of 1st period - Stopped by Collin Delia without a rebound. 9:41 of 1st period - Oskar Sundqvist wins face-off versus Danton Heinen in SAN FRANCISCO SPIDERS zone. 10:08 of 1st period - Shot by Andre Burakovsky. 10:08 of 1st period - Shot Hit the Post. 11:13 of 1st period - Andre Burakovsky is hit by Erik Haula and loses puck. 11:37 of 1st period - Shot by Erik Haula. 11:37 of 1st period - Shot Misses the Net. 11:39 of 1st period - Shot by Alexander Kerfoot. 11:39 of 1st period - Stopped by Alexandar Georgiev without a rebound. 11:40 of 1st period - Radek Faksa wins face-off versus Calle Jarnkrok in BOISE CARIBOUS zone. 12:01 of 1st period - Shot by Dominik Kubalik. 12:01 of 1st period - Shot Blocked by Darnell Nurse. 12:03 of 1st period - Shot by Radek Faksa. 12:03 of 1st period - Shot Misses the Net. 12:05 of 1st period - Shot by Radek Faksa. 12:05 of 1st period - Stopped by Collin Delia without a rebound. 12:06 of 1st period - Danton Heinen wins face-off versus Kyle Turris in SAN FRANCISCO SPIDERS zone. 12:17 of 1st period - Shot by Andrei Svechnikov. 12:17 of 1st period - Stopped by Alexandar Georgiev with a rebound. 12:23 of 1st period - Shot by Andrei Svechnikov. 12:23 of 1st period - Shot Misses the Net. 12:31 of 1st period - Shot by Danton Heinen. 12:31 of 1st period - Shot Blocked by Joakim Ryan. 13:39 of 1st period - Icing by Jordan Oesterle. 13:40 of 1st period - Theodor Blueger wins face-off versus Kirby Dach in SAN FRANCISCO SPIDERS zone. 14:04 of 1st period - Shot by Theodor Blueger. 14:04 of 1st period - Stopped by Collin Delia with a rebound. 14:06 of 1st period - Shot by Theodor Blueger. 14:06 of 1st period - Stopped by Collin Delia without a rebound. 14:07 of 1st period - Erik Haula wins face-off versus Radek Faksa in SAN FRANCISCO SPIDERS zone. 14:07 of 1st period - Erik Haula is hit by Dominik Kubalik. 14:42 of 1st period - Icing by Alexander Kerfoot. 14:43 of 1st period - Erik Haula wins face-off versus Kyle Turris in SAN FRANCISCO SPIDERS zone. 15:02 of 1st period - Shot by Kyle Turris. 15:02 of 1st period - Shot Hit the Post. 15:25 of 1st period - Icing by Tyler Myers. 15:26 of 1st period - Danton Heinen wins face-off versus Oskar Sundqvist in SAN FRANCISCO SPIDERS zone. 15:46 of 1st period - Tom Wilson is hit by Tyler Myers and loses puck. 16:33 of 1st period - Shot by Kirby Dach. 16:33 of 1st period - Shot Misses the Net. 16:39 of 1st period - Rasmus Andersson is hit by Eric Robinson and loses puck. 18:10 of 1st period - Shot by Patrick Marleau. 18:10 of 1st period - Stopped by Collin Delia with a rebound. 18:12 of 1st period - Shot by Joakim Ryan. 18:12 of 1st period - Shot Misses the Net. 18:16 of 1st period - Shot by Patrick Marleau. 18:16 of 1st period - Stopped by Collin Delia without a rebound. 18:17 of 1st period - Erik Haula wins face-off versus Tom Wilson in SAN FRANCISCO SPIDERS zone. 18:32 of 1st period - Shot by Erik Haula. 18:32 of 1st period - Shot Misses the Net. 18:34 of 1st period - Shot by Sean Walker. 18:34 of 1st period - Shot Misses the Net. 19:32 of 1st period - Shot by Dominik Kubalik. 19:32 of 1st period - Stopped by Collin Delia without a rebound. 19:33 of 1st period - Kyle Turris wins face-off versus Calle Jarnkrok in SAN FRANCISCO SPIDERS zone. Goals for this period are 0 for BOISE CARIBOUS vs 0 for SAN FRANCISCO SPIDERS. Shots for this period are 9 for BOISE CARIBOUS vs 4 for SAN FRANCISCO SPIDERS. 2nd period 0:01 of 2nd period - Radek Faksa wins face-off versus Danton Heinen in neutral zone. 0:20 of 2nd period - Shot by John Klingberg. 0:20 of 2nd period - Stopped by Collin Delia with a rebound. 0:53 of 2nd period - Icing by Andrei Svechnikov. 0:54 of 2nd period